 Dungeon Crawl Stone Soup version 0.29.1-13-g9f3cf754e1 (webtiles) character file.

Game seed: 5296643297973029946

2869 lmSkywalker the Sneak (level 9, -4/71 HPs)
             Began as a Black Draconian Conjurer on Jan 18, 2023.
             Was an Initiate of Cheibriados.
             Killed themself with a badly aimed orb of electricity (10 damage)
             ... on level 8 of the Dungeon on Jan 20, 2023.
             The game lasted 00:46:05 (11090 turns).

lmSkywalker the Sneak (Black Draconian Conjurer)   Turns: 11090, Time: 00:46:05

Health: -4/71      AC: 17    Str: 18    XL:     9   Next: 47%
Magic:  11/18      EV: 12    Int: 22    God:    Cheibriados [......]
Gold:   269        SH:  0    Dex: 12    Spells: 3/20 levels left

rFire   . . .      SeeInvis .   y - +2 flail (protect)
rCold   . . .      Faith    .   (no shield)
rNeg    . . .      Spirit   .   (body armour unavailable)
rPois   .          Reflect  .   (helmet restricted)
rElec   +          Harm     .   v - +4 cloak of the Buccaneer {Str+7}
rCorr   .          Rampage  .   (no gloves)
Will    .....                   f - +0 pair of boots
Stlth   +++.......              (no amulet)
HPRegen 0.21/turn               q - ring of wizardry
MPRegen 0.16/turn               k - +4 ring of protection

@: slowed, very slow
A: breathe lightning, AC +7, unfitting armour, electricity resistance,
cold-blooded
a: Breathe Lightning, Renounce Religion


You were on level 8 of the Dungeon.
You worshipped Cheibriados.
Cheibriados was noncommittal.
You visited 2 branches of the dungeon, and saw 9 of its levels.

You collected 269 gold pieces.

Inventory:

Hand Weapons
 b - a +0 whip
 i - a +0 dagger
 l - a +0 short sword
 m - a +0 war axe
 y - a +2 flail of protection (weapon)
 A - a +0 rapier
 C - a +0 vampiric dagger
Missiles
 u - 21 poisoned darts
Armour
 f - a +0 pair of boots (worn)
 v - the +4 cloak of the Buccaneer (worn) {Str+7}
   (You found it on level 4 of the Dungeon)

   Str:       It affects your strength (+7).
Jewellery
 j - a ring of protection from fire
 k - a +4 ring of protection (right hand)
 q - a ring of wizardry (left hand)
 F - a ring of willpower
Wands
 w - a wand of iceblast (11)
 z - a wand of digging (2)
 D - a wand of paralysis (6)
Scrolls
 e - a scroll of poison {unknown}
 h - a scroll of noise
 n - 3 scrolls of blinking
 o - a scroll of torment
 p - a scroll of fear {unknown}
 r - a scroll of immolation {unknown}
 s - 6 scrolls of teleportation
 x - a scroll of enchant armour {unknown}
 B - a scroll of magic mapping {unknown}
Potions
 a - 2 potions of magic
 c - 4 potions of curing
 d - 3 potions of resistance
 g - a potion of invisibility
 t - 3 potions of haste
 E - a potion of flight {unknown}
 G - a potion of lignification {unknown}


   Skills:
 + Level 3.7 Fighting
 - Level 1.7 Dodging
 + Level 6.9 Stealth
 + Level 6.4 Spellcasting
 + Level 4.8 Conjurations
 - Level 5.3 Hexes
 + Level 4.1 Translocations
 + Level 2.0 Invocations


You had 3 spell levels left.
You knew the following spells:

 Your Spells              Type           Power      Damage    Failure   Level
a - Magic Dart            Conj           100%       1d8       1%          1
b - Searing Ray           Conj           56%        2d6       1%          2
c - Dazzling Flash        Conj/Hex       58%        N/A       1%          3
d - Fulminant Prism       Conj/Hex       14%        3d9       4%          4
e - Teleport Other        Tloc           25%        N/A       1%          3
f - Iskenderun's Mystic   Conj/Tloc      26%        2d7       6%          4

Your spell library contained the following spells:

 Spells                   Type           Power      Damage    Failure   Level
 Gell's Gravitas          Tloc           25%        N/A       1%          3
 Lesser Beckoning         Tloc           25%        N/A       1%          3
 Sandblast                Erth           14%        2d6       3%          1
 Stone Arrow              Conj/Erth      34%        3d9       4%          3
 Passwall                 Tmut/Erth      5%         N/A       5%          2
 Scorch                   Fire           14%        2d5       5%          2
 Flame Wave               Conj/Fire      17%        2d7       13%         4
 Iskenderun's Battlesphe  Conj           28%        2d8       13%         5
 Fireball                 Conj/Fire      8%         3d6       32%         5
 Lee's Rapid Deconstruct  Erth           3%         3d6*      65%         5
 Conjure Ball Lightning   Conj/Air       8%         3x3d6     86%         6
 Orb of Destruction       Conj           14%        9d7       98%         7
 Summon Cactus Giant      Summ           3%         N/A       99%         6


Dungeon Overview and Level Annotations

Branches:
Dungeon (8/15)             Temple (1/1) D:7
   Lair: D:8-11

Altars:
Ashenzari
Cheibriados
Dithmenos
Elyvilon
Fedhas
Gozag
Hepliaklqana
Kikubaaqudgha
Makhleb
Nemelex Xobeh
Okawaru
Qazlal
Ru
Sif Muna
Trog
Uskayaw
Wu Jian
Xom
Yredelemnul
The Shining One

Shops:
D:4 :   D:8 [

Annotations:
D:2 1 runed translucent door, exclusion: gnoll, Crazy Yiuf
D:3 Sigmund
D:4 exclusion: ogre
D:6 3 runed translucent doors, RapScallion's ghost, novice HOFi
D:8 Erica
Temple 2 transporters


Innate Abilities, Weirdness & Mutations

You can breathe wild blasts of lightning.
Your glossy black scales are hard. (AC +7)
You cannot fit into any form of body armour.
You are resistant to electric shocks. (rElec)
You are cold-blooded and may be slowed by cold attacks.


Message History

Casting: Searing Ray (safe; 1% risk of failure)
Confirm with . or Enter, or press ? or * to list all spells.
Aiming: Searing Ray (safe; 1% risk of failure)
Press: ? - help, Shift-Dir - straight line The searing ray hits something. (Press . to maintain the ray.)
You have got your breath back.
You feel very sick. Something barely misses you.
The searing ray hits something!
You feel sick. Something hits you.
* * * LOW HITPOINT WARNING * * *
Something burns you.
* * * LOW HITPOINT WARNING * * *
Something hits you.
* * * LOW HITPOINT WARNING * * *
Something burns you.
* * * LOW HITPOINT WARNING * * *
The searing ray hits something but does no damage.
You feel sick. Something hits you but does no damage.
Casting: Searing Ray (safe; 1% risk of failure)
Confirm with . or Enter, or press ? or * to list all spells.
Aiming: Fulminant Prism (dangerous; 4% risk of failure)
Press: ? - help, Dir - move target You conjure a prism of explosive energy!
A fulminant prism comes into view.
You feel sick. Something hits you.
* * * LOW HITPOINT WARNING * * *
Something burns you.
* * * LOW HITPOINT WARNING * * *
Something hits you but does no damage.
You feel better. Something hits you.
* * * LOW HITPOINT WARNING * * *
Something burns you.
* * * LOW HITPOINT WARNING * * *
Your fulminant prism crackles loudly.
Activating: Breathe Lightning (4% risk of failure)
Press: ? - help, Dir - look around, f - activate You breathe a wild blast of lightning!
The orb of electricity explodes!
The orb of electricity engulfs you! You resist.
You die...

#.# #.# #.# #.# ##
..# ... .# #†# #.#
.# # #.# #.# .# .#
#†####.##.##.#
#..........*.#
##+#########...###
##...## #@{.#
##.....## #...#
##...<...## ###.###
#.........###....##
+.........'.......#
#.........#.#....##
##.......###....##
##.....## ##.###
##...## #.#


You could see a friendly fulminant prism (unaware).

Vanquished Creatures
  A deep elf pyromancer (D:7)
  A hornet (D:7)
  3 yaks (D:8)
  Menkaure (D:7)
  A water moccasin (D:8)
  A black bear (D:5)
  An ice beast (D:7)
  An orc warrior (D:7)
  A centaur (D:7)
  A phantom (D:6)
  2 bullfrogs
  A kobold brigand (D:5)
  A gnoll sergeant (D:7)
  2 necrophages
  4 scorpions
  2 wights (D:8)
  3 hounds
  2 jellies
  3 orc priests
  A gnoll bouda (D:5)
  2 iguanas (D:6)
  2 orc wizards (D:7)
  13 gnolls
  7 adders
  An ufetubus (D:6)
  2 worms
  10 orcs
  9 ball pythons
  An endoplasm (D:4)
  4 giant cockroaches
  3 quokkas
  5 bats
  3 frilled lizards
  7 goblins
  11 kobolds
  2 rats
115 creatures vanquished.

Vanquished Creatures (others)
  A kobold (D:6)
  16 fulminant prisms
17 creatures vanquished.

Grand Total: 132 creatures vanquished

Notes
Turn   | Place    | Note
-------+----------+-------------------------------------------
     0 | D:1      | lmSkywalker the Draconian Conjurer began the quest for the
                  | Orb.
     0 | D:1      | Reached XP level 1. HP: 14/14 MP: 3/3
   276 | D:1      | Reached XP level 2. HP: 20/20 MP: 3/5
  1651 | D:2      | Found a runed translucent door.
  1652 | D:2      | Noticed Crazy Yiuf
  1759 | D:2      | Found a faded altar of an unknown god.
  1924 | D:2      | Reached XP level 3. HP: 24/26 MP: 0/6
  2117 | D:2      | Learned a level 2 spell: Searing Ray
  2231 | D:3      | Learned a level 3 spell: Dazzling Flash
  2511 | D:3      | Reached XP level 4. HP: 33/33 MP: 6/8
  2548 | D:3      | Noticed Sigmund
  3186 | D:4      | Noticed an ogre
  3221 | D:4      | Found Uryryrhe's Book Emporium.
  3278 | D:4      | Noticed a scorpion
  3289 | D:4      | Killed a scorpion
  3290 | D:4      | Reached skill level 1 in Hexes
  3327 | D:4      | Identified the +4 cloak of the Buccaneer {Str+7}
  3554 | D:4      | Found a broken altar of Ashenzari.
  3931 | D:5      | Entered Level 5 of the Dungeon
  3954 | D:5      | Reached XP level 5. HP: 38/38 MP: 5/9
  4707 | D:5      | Reached XP level 6. HP: 45/45 MP: 6/11
  5470 | D:5      | Your scales start taking on a glossy black colour.
  5470 | D:5      | Reached XP level 7. HP: 42/50 MP: 3/13
  5470 | D:5      | Gained mutation: You are resistant to electric shocks.
                  | (rElec) [Black Draconian growth]
  6124 | D:6      | Learned a level 4 spell: Fulminant Prism
  6200 | D:6      | Reached skill level 5 in Stealth
  6978 | D:6      | Reached skill level 5 in Spellcasting
  7279 | D:6      | Learned a level 3 spell: Teleport Other
  7279 | D:6      | Upgraded the game from 0.29.1-12-g30fa7ad0bf to
                  | 0.29.1-13-g9f3cf754e1
  7312 | D:6      | Found a runed translucent gate.
  7312 | D:6      | Noticed a kobold demonologist
  7315 | D:6      | Found a runed translucent gate.
  7320 | D:6      | Found a runed translucent gate.
  7320 | D:6      | Noticed RapScallion's ghost (novice HOFi)
  7770 | D:6      | Reached XP level 8. HP: 57/57 MP: 6/15
  8230 | D:7      | Noticed Menkaure
  8389 | D:7      | Killed Menkaure
  8390 | D:7      | Reached skill level 1 in Translocations
  8540 | D:7      | Noticed a deep elf pyromancer
  9150 | D:7      | Killed a deep elf pyromancer
  9151 | D:7      | Reached skill level 1 in Fighting
  9328 | D:7      | Reached skill level 5 in Hexes
  9366 | D:7      | Noticed a hornet
  9511 | D:7      | Killed a hornet
  9693 | D:7      | Reached XP level 9. HP: 68/68 MP: 10/18
 10037 | D:7      | Found a staircase to the Ecumenical Temple.
 10070 | Temple   | Entered the Ecumenical Temple
 10070 | Temple   | Found a transporter.
 10070 | Temple   | Found a transporter.
 10072 | Temple   | Found a transporter.
 10072 | Temple   | Found a transporter.
 10174 | Temple   | Became a worshipper of Cheibriados the Contemplative
 10596 | D:7      | Learned a level 4 spell: Iskenderun's Mystic Blast
 10614 | D:8      | Found Kasapij's Antique Armour Shoppe.
 10795 | D:8      | Noticed Erica
 10869 | D:8      | Reached skill level 1 in Invocations
 11090 | D:8      | Killed themself with a badly aimed orb of electricity

Illustrated notes

Levels and vault maps discovered:
D:1:      sevenhm_arrival_forest_fort_large_4, layout_basic
D:2:      layout_basic, basic_ecumenical_altar, uniq_crazy_yiuf_cottage
D:3:      layout_rooms, uniq_sigmund
D:4:      layout_gridville, mainiacjoe_overflow_alcove_4, serial_shops,
          nicolae_shop_statue_plus
D:5:      layout_loops_ring
D:6:      layout_layer_cave, gammafunk_ghost_nasty_kobolds,
          kennysheep_another_room
D:7:      layout_rooms, minmay_temple_entry_glassed_door, minmay_microvault,
          uniq_menkaure
D:8:      layout_loops_corners, serial_shops, shop, nicolae_inconvenience_store,
          hangedman_decor_peaks_small, lemuel_flame_loot_1, uniq_erica
Temple:   hellmonk_temple_divided_pantheon

Skill      XL: |  1  2  3  4  5  6  7  8  9 |
---------------+----------------------------+-----
Stealth        | 2 3 4 5 6 |  6.9
Spellcasting   | 3 4 5 6 |  6.4
Hexes          | 1 2 3 4 5 |  5.3
Translocations | 3 4 |  4.1
Fighting       | 2 3 |  3.7
Invocations    | 2 |  2.0
Dodging        | |  1.7
Conjurations   | |  4.8

Action                   |  1- 3 |  4- 6 |  7- 9 || total
-------------------------+-------+-------+-------++-------
Melee: Unarmed           |    10 |       |       ||    10
       Whip              |    70 |    13 |       ||    83
       Tailslap          |     6 |       |       ||     6
       Flail             |       |     1 |    22 ||    23
 Cast: Magic Dart        |    40 |    35 |    32 ||   107
       Searing Ray       |     3 |    16 |    49 ||    68
       Fulminant Prism   |       |       |    17 ||    17
       Dazzling Flash    |       |       |     3 ||     3
 Abil: Breathe Lightning |       |       |     5 ||     5
  Use: Scroll            |       |     7 |     3 ||    10
       Potion            |       |       |     3 ||     3
 Stab: Sleeping          |     4 |       |       ||     4
Armor: Skin              |    29 |    12 |    49 ||    90
Dodge: Dodged            |    53 |    13 |    59 ||   125
